 Dungeon Crawl Stone Soup version 0.21.1-1-g345015f (webtiles) character file.

343 tidbits the Insei (level 6, 0/47 HPs)
             Began as a Gnoll Transmuter on Feb 14, 2018.
             Slain by a gnoll
             ... wielding a +0 spear
              (8 damage)
             ... on level 4 of the Dungeon.
             The game lasted 00:02:31 (258 turns).

tidbits the Insei (Gnoll Transmuter)                 Turns: 258, Time: 00:02:32

Health: 0/47       AC:  2    Str: 17    XL:     6   Next: 57%
Magic:  7/14       EV: 24    Int: 18    God:
Gold:   57         SH:  0    Dex: 20    Spells: 9/15 levels left

rFire    . . .     SeeInvis .     - Unarmed
rCold    . . .     Gourm    .   (shield currently unavailable)
rNeg     . . .     Faith    .   (armour currently unavailable)
rPois    x         Spirit   .   (helmet currently unavailable)
rElec    .         Reflect  .   (cloak currently unavailable)
rCorr    .         Harm     .   (gloves currently unavailable)
MR       .....                  (boots currently unavailable)
Stlth    ++........             (no amulet)
HPRegen  0.15/turn              (no ring)
MPRegen  0.14/turn              (no ring)

@: mighty, spider-form (expiring)
A: tiny, distributed training, strong nose
a: End Transformation


You were on level 4 of the Dungeon.
You were not hungry.
You were a venomous arachnid creature.
You visited 1 branch of the dungeon, and saw 4 of its levels.

You collected 57 gold pieces.

Inventory:

Missiles
 a - 8 arrows
Armour
 b - a +0 robe (melded)
 i - +0 ice dragon scales
Scrolls
 e - a scroll of fear {unknown}
Potions
 g - a potion of ambrosia {unknown}
 h - a potion of curing {unknown}
Books
 c - a book of Changes

   Spells                             Type                      Level
   a - Beastly Appendage              Transmutation                1
   b - Sticks to Snakes               Transmutation                2
   c - Spider Form                    Transmutation/Poison         3
   d - Ice Form                       Ice/Transmutation            4
   e - Blade Hands                    Transmutation                5
Comestibles
 d - a ration


   Skills:
 + Level 3.2 Fighting
 + Level 2.0 Short Blades
 + Level 2.0 Long Blades
 + Level 2.0 Axes
 + Level 2.0 Maces & Flails
 + Level 2.0 Polearms
 + Level 2.0 Staves
 + Level 2.0 Slings
 + Level 2.0 Bows
 + Level 2.0 Crossbows
 + Level 2.0 Throwing
 + Level 2.0 Armour
 + Level 5.0 Dodging
 + Level 2.0 Stealth
 + Level 2.0 Shields
 + Level 6.8 Unarmed Combat
 + Level 5.4 Spellcasting
 + Level 1.5 Conjurations
 + Level 1.5 Hexes
 + Level 1.5 Charms
 + Level 1.5 Summonings
 + Level 1.5 Necromancy
 + Level 1.5 Translocations
 + Level 4.1 Transmutations
 + Level 1.5 Fire Magic
 + Level 1.5 Ice Magic
 + Level 1.5 Air Magic
 + Level 1.5 Earth Magic
 + Level 1.5 Poison Magic
 + Level 2.2 Invocations
 + Level 2.0 Evocations


You had 9 spell levels left.
You knew the following spells:

 Your Spells              Type           Power        Failure   Level  Hunger
e - Beastly Appendage     Tmut           ###...       9%          1    None
k - Sticks to Snakes      Tmut           ###.....     12%         2    #......
p - Spider Form           Tmut/Pois      ###.......   28%         3    ##.....


Dungeon Overview and Level Annotations

Branches:
Dungeon (4/15)
 Temple: D:4-7

Altars:


Innate Abilities, Weirdness & Mutations

Your experience applies equally to all skills.
((You have very sharp teeth.))
Your uncanny sense of smell can sniff out nearby items.


Message History

Your ball python bites Britaniac's ghost but does no damage.
Britaniac's ghost misses you.
You hit Britaniac's ghost.
Britaniac's ghost is heavily damaged.
The adder bites your ball python.
Your ball python dies!
Britaniac's ghost barely misses you.
You bite Britaniac's ghost!
Britaniac's ghost is severely damaged.
The gnoll misses you.
You bite Britaniac's ghost!
Britaniac's ghost is almost destroyed.
The adder bites you. Britaniac's ghost hits you. The adder misses you.
You hit Britaniac's ghost.
You destroy Britaniac's ghost!
Your Fighting skill increases to level 3!
Your Transmutations skill increases to level 4!
Your Invocations skill increases to level 2!
You have reached level 5!
You have reached level 6!
Your experience leads to an increase in your attributes!
Your base attributes are Str 12, Int 17, Dex 15.
Increase (S)trength, (I)ntelligence, or (D)exterity?
You feel clever.
The gnoll hits you from afar with a halberd.
The adder closely misses you.
You bite the adder!
You kill the adder!
The gnoll closely misses you.
A gnoll comes into view. It is wielding a spear.
The gnoll closely misses you.
Unknown command.
The gnoll shouts!
You bite the gnoll!
The gnoll is poisoned.
The gnoll is heavily wounded.
You hit the gnoll.
The gnoll looks as sick as possible!
The gnoll is almost dead.
You kill the gnoll!
A gnoll comes into view. It is wielding a spear.
A gnoll and a gnoll shaman come into view.
The gnoll shaman calls upon its god to speed up the gnoll.
The gnoll seems to speed up.
Found a ration.
Things that are here:
a halberd; a gnoll corpse
Casting: Sticks to Snakes
Confirm with . or Enter, or press ? or * to list all spells.
You create a snake!
You now have 8 arrows.
The gnoll closely misses you. The gnoll misses you.
The gnoll completely misses you.
The gnoll hits you from afar with a spear!
Found a dagger.
Unknown command.
You bite the gnoll!
You kill the gnoll!
The gnoll completely misses you. x3
Your transformation is almost over.
The gnoll shaman completely misses you.
Your ball python barely misses the gnoll. x2
The gnoll completely misses you. The gnoll hits you but does no damage.
Unknown command.
You bite the gnoll!
You kill the gnoll!
Your Dodging skill increases to level 5!
The gnoll closely misses you. The gnoll shaman hits you with a club!
* * * LOW HITPOINT WARNING * * *
The gnoll hits you with a spear!
* * * LOW HITPOINT WARNING * * *
You hit the gnoll shaman.
The gnoll shaman is poisoned.
The gnoll shaman is moderately wounded.
The gnoll shaman misses you. The gnoll completely misses you.
Your ball python misses the gnoll shaman.
Your ball python grabs the gnoll shaman.
Your ball python constricts the gnoll shaman.
You hit the gnoll shaman.
The gnoll shaman is severely wounded.
The gnoll hits you with a spear!
* * * LOW HITPOINT WARNING * * *
Your ball python bites the gnoll shaman.
Your ball python constricts the gnoll shaman.
The gnoll shaman completely misses you.
You bite the gnoll shaman!
You kill the gnoll shaman!
Your Short Blades skill increases to level 2!
Your Long Blades skill increases to level 2!
Your Axes skill increases to level 2!
Your Maces & Flails skill increases to level 2!
Your Polearms skill increases to level 2!
Your Staves skill increases to level 2!
Your Slings skill increases to level 2!
Your Bows skill increases to level 2!
Your Crossbows skill increases to level 2!
Your Throwing skill increases to level 2!
Your Armour skill increases to level 2!
Your Stealth skill increases to level 2!
Your Shields skill increases to level 2!
Your Evocations skill increases to level 2!
The gnoll misses you.
You barely miss the gnoll. The gnoll closely misses you.
The gnoll hits you with a spear!
You die...

#..# #.## ###### ###..#
#....#######..... .
+................ ..
#....#######.....
###$####..).#######....#
.......)..........'...##
...##Ss...########....#
#....g)#### #..#.$
.'....... ##.###
.........# ### #.#..
#.#.#%#..# #.###.#..
.......).# ###.#......
#.#.#.#..# #...#..#...
.........# ###.#........
.#.#. #.....#.<....


You could see a gnoll and a friendly ball python.

Vanquished Creatures
  The ghost of Britaniac the Cudgeler, an amateur GrFi (D:4)
  An ogre (D:4)
  A gnoll shaman (D:4)
  3 gnolls (D:4)
  2 adders
  3 orcs (D:4)
  A goblin (D:3)
  A jackal (D:2)
  A frilled lizard (D:4)
  A jackal skeleton (D:4)
  A quokka skeleton (D:4)
  A rat (D:3)
17 creatures vanquished.

Vanquished Creatures (collateral kills)
  An adder (D:3)
  A hobgoblin (D:3)
2 creatures vanquished.

Grand Total: 19 creatures vanquished

Notes
Turn   | Place    | Note
-------+----------+-------------------------------------------
     0 | D:1      | tidbits the Gnoll Transmuter began the quest for the Orb.
     0 | D:1      | Reached XP level 1. HP: 17/17 MP: 6/6
    21 | D:2      | Reached XP level 2. HP: 18/23 MP: 7/7
    25 | D:2      | Learned a level 2 spell: Sticks to Snakes
   126 | D:4      | Reached XP level 3. HP: 18/28 MP: 7/9
   131 | D:4      | Learned a level 3 spell: Spider Form
   135 | D:4      | Reached skill level 5 in Spellcasting
   145 | D:4      | Noticed an ogre
   151 | D:4      | Killed an ogre
   151 | D:4      | Reached skill level 1 in Short Blades
   151 | D:4      | Reached skill level 1 in Long Blades
   151 | D:4      | Reached skill level 1 in Axes
   151 | D:4      | Reached skill level 1 in Maces & Flails
   151 | D:4      | Reached skill level 1 in Polearms
   151 | D:4      | Reached skill level 1 in Staves
   151 | D:4      | Reached skill level 1 in Slings
   151 | D:4      | Reached skill level 1 in Bows
   151 | D:4      | Reached skill level 1 in Crossbows
   151 | D:4      | Reached skill level 1 in Throwing
   151 | D:4      | Reached skill level 1 in Armour
   151 | D:4      | Reached skill level 1 in Stealth
   151 | D:4      | Reached skill level 1 in Shields
   151 | D:4      | Reached skill level 1 in Conjurations
   151 | D:4      | Reached skill level 1 in Hexes
   151 | D:4      | Reached skill level 1 in Charms
   151 | D:4      | Reached skill level 1 in Summonings
   151 | D:4      | Reached skill level 1 in Necromancy
   151 | D:4      | Reached skill level 1 in Translocations
   151 | D:4      | Reached skill level 1 in Fire Magic
   151 | D:4      | Reached skill level 1 in Ice Magic
   151 | D:4      | Reached skill level 1 in Air Magic
   151 | D:4      | Reached skill level 1 in Earth Magic
   151 | D:4      | Reached skill level 1 in Poison Magic
   151 | D:4      | Reached skill level 1 in Invocations
   151 | D:4      | Reached skill level 1 in Evocations
   151 | D:4      | Reached XP level 4. HP: 25/34 MP: 4/11
   232 | D:4      | Noticed Britaniac's ghost (amateur GrFi)
   243 | D:4      | Killed Britaniac's ghost
   243 | D:4      | Reached skill level 3 in Fighting
   243 | D:4      | Reached skill level 4 in Transmutations
   243 | D:4      | Reached skill level 2 in Invocations
   243 | D:4      | Reached XP level 5. HP: 33/41 MP: 7/12
   243 | D:4      | Reached XP level 6. HP: 38/47 MP: 7/13
   254 | D:4      | Reached skill level 5 in Dodging
   257 | D:4      | Reached skill level 2 in Short Blades
   257 | D:4      | Reached skill level 2 in Long Blades
   257 | D:4      | Reached skill level 2 in Axes
   257 | D:4      | Reached skill level 2 in Maces & Flails
   257 | D:4      | Reached skill level 2 in Polearms
   257 | D:4      | Reached skill level 2 in Staves
   257 | D:4      | Reached skill level 2 in Slings
   257 | D:4      | Reached skill level 2 in Bows
   257 | D:4      | Reached skill level 2 in Crossbows
   257 | D:4      | Reached skill level 2 in Throwing
   257 | D:4      | Reached skill level 2 in Armour
   257 | D:4      | Reached skill level 2 in Stealth
   257 | D:4      | Reached skill level 2 in Shields
   257 | D:4      | Reached skill level 2 in Evocations
   258 | D:4      | Slain by a gnoll

Skill      XL: |  1  2  3  4  5  6 |
---------------+-------------------+-----
Spellcasting   | 5 |  5.4
Short Blades   | 1 2 |  2.0
Long Blades    | 1 2 |  2.0
Axes           | 1 2 |  2.0
Maces & Flails | 1 2 |  2.0
Polearms       | 1 2 |  2.0
Staves         | 1 2 |  2.0
Slings         | 1 2 |  2.0
Bows           | 1 2 |  2.0
Crossbows      | 1 2 |  2.0
Throwing       | 1 2 |  2.0
Armour         | 1 2 |  2.0
Stealth        | 1 2 |  2.0
Shields        | 1 2 |  2.0
Conjurations   | 1 |  1.5
Hexes          | 1 |  1.5
Charms         | 1 |  1.5
Summonings     | 1 |  1.5
Necromancy     | 1 |  1.5
Translocations | 1 |  1.5
Fire Magic     | 1 |  1.5
Ice Magic      | 1 |  1.5
Air Magic      | 1 |  1.5
Earth Magic    | 1 |  1.5
Poison Magic   | 1 |  1.5
Invocations    | 1 2 |  2.2
Evocations     | 1 2 |  2.0
Fighting       | 3 |  3.2
Transmutations | 4 |  4.1
Dodging        | 5 |  5.0
Unarmed Combat | |  6.8

Action                   |  1- 3 |  4- 6 || total
-------------------------+-------+-------++-------
Melee: Unarmed           |    24 |    17 ||    41
       Headbutt          |     4 |       ||     4
       Bite              |     1 |       ||     1
 Cast: Beastly Appendage |     4 |       ||     4
       Sticks to Snakes  |     2 |     2 ||     4
       Spider Form       |     1 |     2 ||     3
  Use: Potion            |       |     1 ||     1
 Stab: Sleeping          |     1 |     1 ||     2
Armor: Robe              |     1 |       ||     1
Dodge: Dodged            |    12 |    22 ||    34

Table legend:
 A = Turns spent in this place as a percentage of turns spent in the entire game.
 B = Non-inter-level travel turns spent in this place as a percentage of non-inter-level travel turns spent in the entire game.
 C = Inter-level travel turns spent in this place as a percentage of turns spent in this place.
 D = Turns resting spent in this place as a percentage of non-inter-level travel turns spent in this place.
 E = Turns spent auto-exploring this place as a percentage of non-inter-level travel turns spent in this place.
 F = Non-inter-level travel turns spent in this place divided by the number of levels of this place that you've seen.
                   A       B       C       D       E      F
               +-------+-------+-------+-------+-------+----------------------
         Total | 100.0 | 100.0 |   0.0 |   0.0 |   0.0 |  64.5
       Dungeon | 100.0 | 100.0 |   0.0 |   0.0 |   0.0 |  64.5
               +-------+-------+-------+-------+-------+----------------------

Table legend:
 A = Kills in this place as a percentage of kills in entire the game.
 B = Kills by you in this place as a percentage of kills by you in the entire game.
 C = Kills by friends in this place as a percentage of kills by friends in the entire game.
 D = Other kills in this place as a percentage of other kills in the entire game.
 E = Experience gained in this place as a percentage of experience gained in the entire game.
 F = Experience gained in this place divided by the number of levels of this place that you have seen.
                   A       B       C       D       E      F
               +-------+-------+-------+-------+-------+----------------------
         Total | 100.0 | 100.0 | 100.0 |   N/A | 100.0 | 122.5
       Dungeon | 100.0 | 100.0 | 100.0 |   N/A | 100.0 | 122.5
               +-------+-------+-------+-------+-------+----------------------

Vault maps used:
D:1:      dpeg_arrival_water_altar, moated_statue
D:2:      kiku_gazebo_garden_becter, minmay_strange_pillars
D:3:      cheibrodos_sewer_entry_sluice
D:4:      serial_glass, glass_columns_c, glass_columns_c, glass_columns_b,
          glass_columns_a, item_on_display_a, minmay_strange_pillars,
          serial_shops, shop
